 Dungeon Crawl Stone Soup version 0.20.0-8-g6b59dc7 (webtiles) character file.

145 miragecloak the Changer (level 5, -7/33 HPs)
             Began as an Octopode Transmuter on May 31, 2017.
             Killed by divine providence
             ... invoked by an orc priest
              (15 damage)
             ... on level 3 of the Dungeon.
             The game lasted 00:02:38 (3030 turns).

miragecloak the Changer (Octopode Transmuter)       Turns: 3030, Time: 00:02:39

Health: -7/33      AC:  2    Str: 10    XL:     5   Next: 27%
Magic:  4/8        EV: 20    Int: 15    God:
Gold:   149        SH:  0    Dex: 18    Spells: 0/8 levels left

rFire    . . .     SeeInvis .     - Unarmed
rCold    . . .     Gourm    .   (shield currently unavailable)
rNeg     . . .     Faith    .   (helmet currently unavailable)
rPois    x         Spirit   .   (no amulet)
rElec    .         Reflect  .   (no ring)
rCorr    .         Harm     .   (no ring)
MR       .....                  (no ring)
Stlth    ++........             (no ring)
Regen    0.2/turn               (no ring)
MPRegen  0.2/turn               (no ring)
                                (no ring)
                                (no ring)

@: spider-form
A: almost no armour, stealthy swim, (amphibious), 8 rings, (constrict 8)
a: End Transformation


You were on level 3 of the Dungeon.
You were hungry.
You were a venomous arachnid creature.
You visited 1 branch of the dungeon, and saw 4 of its levels.

You collected 149 gold pieces.

Inventory:

Missiles
 a - 54 arrows
Jewellery
 k - an uncursed amulet of harm {unknown}
Scrolls
 f - 4 scrolls of identify {unknown}
 g - 3 scrolls of remove curse {unknown}
 l - 3 scrolls of teleportation {unknown}
 m - a scroll of fog {unknown}
 o - a scroll of enchant weapon {unknown}
 q - a scroll of blinking {unknown}
Potions
 d - 3 potions of might {unknown}
 e - a potion of brilliance {unknown}
 i - a potion of curing {unknown}
 j - 2 potions of invisibility {unknown}
 n - a potion of haste {unknown}
Books
 b - a book of Changes

   Spells                             Type                      Level
   a - Beastly Appendage              Transmutation                1
   b - Sticks to Snakes               Transmutation                2
   c - Spider Form                    Transmutation/Poison         3
   d - Ice Form                       Ice/Transmutation            4
   e - Blade Hands                    Transmutation                5
Comestibles
 c - 4 bread rations
 h - 2 meat rations


   Skills:
 - Level 1.0 Fighting
 - Level 2.0 Dodging
 - Level 3.0 Unarmed Combat
 + Level 2.1 Spellcasting
 + Level 4.0 Transmutations
 * Level 0.0 Ice Magic
 - Level 3.8 Poison Magic


You couldn't memorise any spells.
You knew the following spells:

 Your Spells              Type           Power        Failure   Level  Hunger
a - Beastly Appendage     Tmut           ##....       13%         1    #......
b - Spider Form           Tmut/Pois      ##........   30%         3    ###....
c - Ice Form              Ice/Tmut       #.......     85%         4    #####..


Dungeon Overview and Level Annotations

Branches:
Dungeon (4/15)
 Temple: D:4-7

Altars:
Okawaru


Innate Abilities, Weirdness & Mutations

You cannot wear most types of armour.
You are very stealthy in the water. (Stealth+)
((You are amphibious.))
You can wear up to eight rings at the same time.
((You can use your tentacles to constrict eight enemies at once.))
((Your skin changes colour to match your surroundings (Stealth+).))
((Your rubbery body absorbs attacks. (AC +1, EV +1)))


Message History

You barely miss the jackal. The jackal closely misses you.
The jackal completely misses you.
A jackal comes into view.
You hit the jackal.
The jackal is poisoned.
The jackal is almost dead.
You kill the jackal!
You hit the jackal but do no damage. The jackal barely misses you.
You hit the jackal.
You kill the jackal!
You hit the orc priest but do no damage.
The orc priest is poisoned.
The orc priest casts a cantrip, but nothing happens.
You hit the orc priest but do no damage.
The orc priest looks as sick as possible!
The orc priest closely misses you.
You barely miss the orc priest.
The orc priest is lightly wounded.
The orc priest mumbles some strange prayers to Beogh against you.
Beogh smites you!
You die...

### #.. #########.#
#.......#.#
.....>..#.######
............soK#
.......†#.####hh....
.. ........#.# .....
... ...###....# ....
#.# #. #..### ...
#.# .# #..# .. #.# .
#..# . #.#### ##.
#..### ..#####.....
#.. #....#
.........###


You could see an orc priest, 2 jackals and a kobold.

Vanquished Creatures
  An orc priest (D:3)
  Jessica (D:3)
  A gnoll (D:2)
  2 adders (D:2)
  A worm (D:3)
  A dart slug (D:1)
  A leopard gecko (D:3)
  3 orcs (D:3)
  A ball python (D:1)
  3 giant cockroaches
  5 goblins
  2 hobgoblins
  10 jackals
  5 kobolds
  A quokka (D:2)
  7 bats
  A frilled lizard (D:1)
  5 rats
51 creatures vanquished.

Notes
Turn   | Place    | Note
-------+----------+-------------------------------------------
     0 | D:1      | miragecloak the Octopode Transmuter began the quest for the Orb.
     0 | D:1      | Reached XP level 1. HP: 13/13 MP: 3/3
     6 | D:1      | Noticed a wolf
     6 | D:1      | Noticed a black mamba
     6 | D:1      | Noticed a lindwurm
     6 | D:1      | Noticed a killer bee
   202 | D:1      | Reached XP level 2. HP: 12/18 MP: 3/5
   401 | D:1      | Reached skill level 3 in Transmutations
   779 | D:2      | Reached XP level 3. HP: 21/23 MP: 4/6
   784 | D:2      | Learned a level 3 spell: Spider Form
  1249 | D:2      | Reached skill level 1 in Poison Magic
  1684 | D:2      | Reached XP level 4. HP: 28/28 MP: 4/7
  2216 | D:3      | Noticed Jessica
  2218 | D:3      | Found an iron altar of Okawaru.
  2229 | D:3      | Killed Jessica
  2263 | D:3      | HP: 1/28 [orc priest/divine providence (11)]
  2826 | D:3      | Reached skill level 4 in Transmutations
  2826 | D:3      | Reached XP level 5. HP: 17/33 MP: 5/8
  2834 | D:3      | Learned a level 4 spell: Ice Form
  3030 | D:3      | Killed from afar by an orc priest

Skill      XL: |  1  2  3  4 |
---------------+-------------+-----
Transmutations | 3 4 |  4.0
Poison Magic   | 2 3 |  3.8
Fighting       | |  1.0
Dodging        | |  2.0
Unarmed Combat | |  3.0
Spellcasting   | |  2.1

Action                   |  1- 3 |  4- 6 || total
-------------------------+-------+-------++-------
Melee: Unarmed           |    67 |    57 ||   124
       Kick              |    11 |       ||    11
       Constrict         |    18 |     3 ||    21
       Tentacles         |     8 |     1 ||     9
       Punch             |     1 |       ||     1
 Cast: Beastly Appendage |    23 |       ||    23
       Spider Form       |     4 |    14 ||    18
 Stab: Sleeping          |     9 |     1 ||    10
  Eat: Chunk             |     3 |     6 ||     9
Armor: Skin              |     8 |     2 ||    10
Dodge: Dodged            |    33 |    43 ||    76
